 Dungeon Crawl Stone Soup version 0.25-a0-410-g53dbb631d1 (webtiles) character file.

Game seed: 10209210117043496260, levelgen mode: deterministic

112 DerDa the Skirmisher (level 4, -4/29 HPs)
             Began as a Gargoyle Berserker on Jan 13, 2020.
             Was a Believer of Trog.
             Killed by divine providence
             ... invoked by an orc priest
              (13 damage)
             ... on level 3 of the Dungeon.
             The game lasted 00:07:12 (2796 turns).

DerDa the Skirmisher (Gargoyle Berserker)           Turns: 2796, Time: 00:07:12

Health: -4/29      AC:  9    Str: 22    XL:     4   Next: 93%
Magic:  0/4        EV: 11    Int:  7    God:    Trog [**....]
Gold:   99         SH:  0    Dex:  9    Spells: 3/3 levels left

rFire    + . .     SeeInvis .   a - +0 mace
rCold    . . .     Gourm    .   (no shield)
rNeg     + . .     Faith    .   s - +0 ring mail
rPois    ∞         Spirit   +   (no helmet)
rElec    +         Reflect  .   q - scarf {Spirit}
rCorr    .         Harm     .   (no gloves)
MR       .....                  (no boots)
Stlth    ..........             (no amulet)
HPRegen  0.09/turn              i - ring of protection from fire
MPRegen  0.09/turn              (no ring)

@: drained
A: negative energy resistance 1, electricity resistance, unbreathing,
petrification resistance, rot immunity, AC +3
a: Berserk, Trog's Hand, Renounce Religion


You were on level 3 of the Dungeon.
You worshipped Trog.
Trog was pleased with you.
You were not hungry.

You visited 1 branch of the dungeon, and saw 3 of its levels.

You collected 99 gold pieces.

Inventory:

Hand Weapons
 a - a +0 mace (weapon)
 p - a +0 whip
Missiles
 e - 24 poisoned darts (quivered)
 g - 103 stones
 l - 20 sling bullets
Armour
 b - a +0 animal skin
 q - a scarf of spirit shield (worn)
 s - a +0 ring mail (worn)
Jewellery
 i - a ring of protection from fire (left hand)
Wands
 h - a wand of clouds (3)
Scrolls
 d - a scroll of enchant armour {unknown}
 f - a scroll of blinking {unknown}
 j - a scroll of identify {unknown}
 k - 2 scrolls of remove curse {unknown}
 n - a scroll of immolation {unknown}
 u - a scroll of amnesia {unknown}
Potions
 m - a potion of flight {unknown}
 o - a potion of heal wounds {unknown}
 r - a potion of might {unknown}
 v - a potion of haste {unknown}
Comestibles
 c - 6 rations


   Skills:
 * Level 4.2(3.3) Fighting
 + Level 3.4(2.5) Maces & Flails
 + Level 3.0(2.1) Armour
 * Level 2.6(1.8) Dodging
 + Level 0.5(0.0) Evocations


You had 3 spell levels left.
You didn't know any spells.
Your spell library was empty.

Dungeon Overview and Level Annotations

Branches:
Dungeon (3/15)

Altars:
Cheibriados
Fedhas


Innate Abilities, Weirdness & Mutations

You are resistant to torment.
Your stone body is resilient. (AC +3)
You are immune to poison.
You resist negative energy. (rN+)
You are resistant to electric shocks. (rElec)
You can survive without breathing.
You are immune to petrification.
You are immune to rotting.


Message History

Pain shoots through your body!
Throwing (i - inventory. (/) - cycle)
e - 26 poisoned darts (quivered)
Press: ? - help, Shift-Dir - straight line, f/p - orc priest
Aim: an orc priest, wielding a +0 mace and wearing a +0 leather armour (severely wounded)
You throw a poisoned dart. The poisoned dart hits the orc priest.
The orc priest is poisoned.
The orc priest is severely wounded.
The orc priest miscasts a cantrip.
Throwing (i - inventory. (/) - cycle)
e - 25 poisoned darts (quivered)
Press: ? - help, Shift-Dir - straight line, f/p - orc priest
Aim: an orc priest, wielding a +0 mace and wearing a +0 leather armour (almost dead, poisoned)
You throw a poisoned dart.
The poisoned dart closely misses the orc priest.
The orc priest mumbles some strange prayers to Beogh against you.
Beogh smites you!
You completely miss the orc priest.
The orc priest is almost dead.
The orc priest invokes the aid of Beogh against you.
Beogh smites you!
You die...

##...# ##...#...........#
##..## ###.#......(....# #...#
#...............# #.#.#
#.#.........#...# #.#.#
###...##.....(....##
###.#.#####...####....((.)...##
............#.####.((.........#
#................o(...........#
.........#....##@#.#........).#
........#..##.#..............##
.......#..###.......##>...)..##
.......#.####.................#
..............###..###........#
.####.##.##...###.###.........#
.####.........##..###.##.....##
..............##.##...###...##
.#.##.........##.#..### #####


You could see an orc priest.

Vanquished Creatures
  An orc priest (D:2)
  2 adders
  An ooze (D:3)
  A worm (D:2)
  A leopard gecko (D:3)
  An orc (D:3)
  2 giant cockroaches
  8 goblins
  8 hobgoblins
  9 kobolds
  3 quokkas
  2 ball pythons
  7 bats
  5 frilled lizards
  4 rats
55 creatures vanquished.

Notes
Turn   | Place    | Note
-------+----------+-------------------------------------------
     0 | D:1      | DerDa the Gargoyle Berserker began the quest for the Orb.
     0 | D:1      | Reached XP level 1. HP: 14/14 MP: 1/1
   234 | D:1      | Reached XP level 2. HP: 15/19 MP: 2/2
  1026 | D:2      | Reached XP level 3. HP: 13/24 MP: 3/3
  1054 | D:2      | Reached ** piety under Trog
  1669 | D:2      | Found a snail-covered altar of Cheibriados.
  1810 | D:2      | Found a blossoming altar of Fedhas.
  1888 | D:3      | Reached skill level 4 in Fighting
  1888 | D:3      | Reached XP level 4. HP: 14/29 MP: 2/4
  2796 | D:3      | Killed from afar by an orc priest

Levels and vault maps discovered:
D:1:      dpeg_arrival_lava_temple_mockup, layout_loops_ring, chequers_jeans,
          minivault_26, minivault_5
D:2:      layout_loops_ring, fedhas_altar_4, lemuel_doored_altar, first_ration
D:3:      layout_rooms, chequers_mini_garden

Skill      XL: |  1  2  3  4 |
---------------+-------------+-----
Dodging        | 2 |  2.6
Fighting       | 4 |  4.2
Armour         | 3 |  3.0
Maces & Flails | |  3.4
Evocations     | |  0.5

Action                   |  1- 3 |  4- 6 || total
-------------------------+-------+-------++-------
Melee: Mace              |   129 |    65 ||   194
Throw: Dart              |    33 |    42 ||    75
 Stab: Sleeping          |     1 |       ||     1
  Eat: Chunk             |     3 |     3 ||     6
Armor: Animal skin       |    48 |       ||    48
       Ring mail         |    37 |    30 ||    67
Dodge: Dodged            |   122 |    49 ||   171

Table legend:
 A = Non-vault XP
 B = Vault XP
 C = Vault XP percentage of total XP
 D = Non-vault monster count
 E = Vault monster count
 F = Vault count percentage of total count
                 A         B        C        D         E       F
            +---------+---------+-------+---------+---------+-------
      Total |     160 |       0 |   0.0 |      55 |       0 |   0.0
            +---------+---------+-------+---------+---------+-------
        D:1 |      25 |       0 |   0.0 |      16 |       0 |   0.0
        D:2 |      89 |       0 |   0.0 |      20 |       0 |   0.0
        D:3 |      46 |       0 |   0.0 |      19 |       0 |   0.0
            +---------+---------+-------+---------+---------+-------
